 Dungeon Crawl Stone Soup version 0.29-a0-997-gf6f7e2dfe7 (webtiles) character file.

Game seed: 1179612837958364062

8766 drugrobin the Cleaver (level 10, -3/86 HPs)
             Began as a Demigod Fighter on Aug 4, 2022.
             Killed from afar by an efreet (14 damage)
             ... with a bolt of fire
             ... on level 10 of the Dungeon.
             The game lasted 00:33:30 (8854 turns).

drugrobin the Cleaver (Demigod Fighter)             Turns: 8854, Time: 00:33:31

Health: -3/86      AC:  8    Str: 29      XL:     10   Next: 91%
Magic:  13/13      EV:  5    Int: 10      God:
Gold:   577        SH:  8    Dex: 12 (13) Spells: 9/9 levels left

rFire   . . .      SeeInvis .   a - +4 broad axe "Transmigrator" {vorpal, *Rage rN+ Will+}
rCold   . . .      Faith    .   g - +0 kite shield {AC+3}
rNeg    + . .      Spirit   .   K - +0 plate armour
rPois   .          Reflect  .   (no helmet)
rElec   .          Harm     .   E - +0 cloak
rCorr   .          Rampage  .   (no gloves)
Will    ++...      Rage     20% F - +0 pair of boots
Stlth   ..........              q - amulet of regeneration
HPRegen 1.04/turn               (no ring)
MPRegen 0.13/turn               (no ring)

@: corroded, on berserk cooldown, slowed, very slow
A: high MP 1, forlorn, divine attributes
a: no special abilities


You were on level 10 of the Dungeon.
You visited 1 branch of the dungeon, and saw 10 of its levels.
You also visited: Sewer.

You collected 632 gold pieces.
You spent 55 gold pieces at shops.

Inventory:

Hand Weapons
 a - the +4 broad axe "Transmigrator" (weapon) {vorpal, *Rage rN+ Will+}
   (You acquired it on level 8 of the Dungeon)

   It inflicts extra damage upon your enemies.
   rN:        It protects you from negative energy.
   *Rage:     It berserks you when you make melee attacks (+20% chance).
   Will:      It increases your willpower.
 b - a +0 war axe of freezing
 c - a +1 sling of freezing
 d - the +7 Throatcutter {drain, coup de grace}
   (You found it on level 4 of the Dungeon)

   A truly terrible weapon, it drains the life of any living foe it strikes.
   It may instantly kill foes which have little health.
 e - a +0 vampiric battleaxe
 t - a +2 whip of freezing
Missiles
 j - 70 poisoned darts
 N - 5 boomerangs
Armour
 g - a +0 kite shield of protection (worn)
 u - a +0 leather armour of poison resistance
 D - a +0 buckler
 E - a +0 cloak (worn)
 F - a +0 pair of boots (worn)
 K - a +0 plate armour (worn)
Jewellery
 q - an amulet of regeneration (around neck)
 s - an amulet of reflection
Wands
 w - a wand of mindburst (5)
 x - a wand of roots (31)
 L - a wand of acid (17)
 Q - a wand of flame (55)
Scrolls
 f - 6 scrolls of teleportation
 h - 2 scrolls of enchant weapon {unknown}
 i - 2 scrolls of vulnerability
 k - 2 scrolls of amnesia {unknown}
 l - 2 scrolls of magic mapping {unknown}
 p - 4 scrolls of silence {unknown}
 r - 3 scrolls of poison {unknown}
 y - a scroll of immolation {unknown}
 C - 3 scrolls of fog
 H - a scroll of noise {unknown}
 I - a scroll of summoning {unknown}
 O - 2 scrolls of enchant armour {unknown}
 R - a scroll of fear {unknown}
Potions
 m - 6 potions of lignification
 n - 5 potions of flight
 v - 3 potions of ambrosia
 z - 5 potions of heal wounds {unknown}
 A - 4 potions of mutation {unknown}
 B - 3 potions of cancellation {unknown}
 G - 4 potions of might
 J - 2 potions of haste {unknown}
 M - 4 potions of curing
Miscellaneous
 o - a phial of floods (inert)


   Skills:
 + Level 7.0 Fighting
 * Level 13.7 Axes
 - Level 2.7 Armour
 - Level 2.7 Shields
 - Level 4.7 Evocations


You had 9 spell levels left.
You didn't know any spells.
Your spell library contained the following spells:

 Spells                   Type           Power      Damage    Failure   Level
 Necrotise                Necr           0%         1d4       100%        1
 Slow                     Hex            0%         N/A       100%        1
 Static Discharge         Conj/Air       0%         3-3/arc   100%        2
 Confusing Touch          Hex            0%         N/A       100%        3
 Gell's Gravitas          Tloc           0%         N/A       100%        3
 Lesser Beckoning         Tloc           0%         N/A       100%        3
 Teleport Other           Tloc           0%         N/A       100%        3
 Vampiric Draining        Necr           0%         2d6       100%        3
 Dispel Undead            Necr           0%         3d6       100%        4
 Sticky Flame             Conj/Fire      0%         2d3       100%        4
 Agony                    Necr           0%         N/A       100%        5


Dungeon Overview and Level Annotations

Branches:
Dungeon (10/15)            Temple (0/1) D:7            Lair (0/5) D:9
  Sewer (visited)
    Orc: D:9-12

Shops:
D:2 *   D:4 =   D:8 :

Annotations:
D:9 2 transporters, frimble's ghost, novice DsNe


Innate Abilities, Weirdness & Mutations

You have an increased reservoir of magic. (+10% MP)
You shall have no god before yourself.
Your divine heritage dramatically boosts your attributes as you level up.


Message History

Unknown command.
Unknown command.
Unknown command.
Unknown command.
Unknown command.
Unknown command.
Unknown command.
A komodo dragon comes into view.
You feel a strong urge to attack something.
The komodo dragon hisses angrily.
Unknown command.
Unknown command.
You feel your anger nearly subside.
You are no longer berserk.
You are exhausted.
You feel yourself slow down.
An efreet comes into view. It is wielding a +0 great sword.
The efreet moves out of view.
Unknown command.
Unknown command.
The efreet gestures at you. The bolt of fire hits you!
Unknown command.
Unknown command.
Unknown command.
Unknown command.
The efreet gestures at you. The bolt of fire hits you!!
* * * LOW HITPOINT WARNING * * *
You see here a vampire mosquito corpse.
Unknown command.
Unknown command.
Unknown command.
Unknown command.
There is a stone staircase leading up, spattered with blood here.
Unknown command.
Unknown command.
Unknown command.
The efreet gestures at you. The bolt of fire hits you!
You die...

#................##..
.....#.#.#..#...##..
#..#.#...°....###. #
#....l..○#☼..####)
...##.##..#.#.°###.†..)))
............R##?##..####
.....#..#....#.'....# ...
#....#.##.##.#..# . ..
#@†.#### .####..# ...
#.##(†##?.. ..! #..
.....#.#..## ###. .### #.
.......).## #.# #
##...#....#.# .# ...
...#.##.# . # ....#### .#
#...# $.. ..... ###.


You could see a komodo dragon and an efreet.

Vanquished Creatures
  A two-headed ogre (D:9)
  Maurice (D:9)
  A cyclops (D:6)
  Psyche (D:9)
  A troll (D:9)
  Grinder (Sewer)
  Prince Ribbit (D:7)
  A yak (D:9)
  A wraith (D:6)
  A wyvern (D:7)
  2 steam dragons
  4 vampire mosquitoes (D:10)
  Menkaure (D:4)
  An acid dragon (D:10)
  2 water moccasins (D:7)
  Duvessa (D:7)
  A sky beast (D:7)
  2 orc warriors
  4 ice beasts
  3 black bears
  3 ogres
  A boggart (D:10)
  3 centaurs
  2 phantoms
  4 kobold brigands
  3 gnoll sergeants
  4 bullfrogs
  4 scorpions
  9 wights
  Dowan (D:7)
  8 killer bees (D:9)
  A jelly (D:5)
  2 quasits (D:10)
  4 orc priests
  Crazy Yiuf (D:4)
  A gnoll bouda (D:8)
  5 hounds
  Terence (D:2)
  6 orc wizards
  4 iguanas
  19 gnolls
  8 adders
  4 shadow imps
  A white imp (D:7)
  6 ufetubi (Sewer)
  An adder zombie (Sewer)
  3 worms
  The ghost of gdog the Covert, a weakling GnDe (D:5)
  3 dart slugs
  21 orcs
  6 ball pythons
  A bat zombie (Sewer)
  6 endoplasms
  7 giant cockroaches
  10 goblins
  5 hobgoblins
  8 jackals
  49 kobolds
  4 quokkas
  5 bats
  A frilled lizard (D:3)
  A kobold zombie (Sewer)
  4 rats
272 creatures vanquished.

Vanquished Creatures (collateral kills)
  A troll (D:8)
1 creature vanquished.

Vanquished Creatures (others)
  A wizard (D:6)
  A demonic plant (D:10)
  A withered plant (D:4)
3 creatures vanquished.

Grand Total: 276 creatures vanquished

Notes
Turn   | Place    | Note
-------+----------+-------------------------------------------
     0 | D:1      | drugrobin the Demigod Fighter began the quest for the Orb.
     0 | D:1      | Reached XP level 1. HP: 18/18 MP: 3/3
   334 | D:1      | Reached skill level 2 in Axes
   388 | D:1      | Reached XP level 2. HP: 14/25 MP: 4/4
  1059 | D:1      | Reached skill level 3 in Axes
  1088 | D:2      | Found Lifady's Assorted Antiques.
  1094 | D:2      | Bought 2 bubbling sapphire potions for 37 gold pieces
  1094 | D:2      | Bought a fizzy ruby potion for 18 gold pieces
  1164 | D:2      | Reached XP level 3. HP: 30/30 MP: 5/5
  1232 | D:2      | Noticed Terence
  1239 | D:2      | Killed Terence
  1374 | D:2      | Reached skill level 4 in Axes
  1374 | D:2      | Reached XP level 4. HP: 37/37 MP: 6/6
  2315 | D:3      | Reached XP level 5. HP: 23/42 MP: 7/7
  2344 | D:3      | Reached skill level 5 in Axes
  2892 | D:4      | Found a glowing drain.
  2907 | D:4      | Noticed Menkaure
  2910 | D:4      | Killed Menkaure
  2911 | D:4      | Reached skill level 6 in Axes
  2911 | D:4      | Reached XP level 6. HP: 50/50 MP: 8/8
  2937 | Sewer    | Entered a sewer
  3111 | Sewer    | Noticed Grinder
  3126 | Sewer    | Paralysed by Grinder for 4 turns
  3137 | Sewer    | Killed Grinder
  3138 | Sewer    | Reached skill level 7 in Axes
  3138 | Sewer    | Reached XP level 7. HP: 18/56 MP: 9/9
  3391 | D:4      | Reached skill level 8 in Axes
  3629 | D:4      | Found Oharryof's One-of-a-Kind Rings.
  3838 | D:4      | Found the +7 Throatcutter {drain, coup de grace}
  4025 | D:4      | Found a runed translucent door.
  4026 | D:4      | Noticed Crazy Yiuf
  4033 | D:4      | Killed Crazy Yiuf
  4090 | D:5      | Entered Level 5 of the Dungeon
  4144 | D:5      | Found a transporter.
  4222 | D:5      | Found a runed translucent door.
  4226 | D:5      | Noticed gdog's ghost (weakling GnDe)
  4234 | D:5      | Killed gdog's ghost
  4242 | D:5      | Found a runed translucent door.
  4303 | D:5      | Reached skill level 9 in Axes
  4339 | D:5      | Reached XP level 8. HP: 62/62 MP: 10/10
  4619 | D:5      | Reached skill level 10 in Axes
  4992 | D:6      | Reached skill level 1 in Evocations
  5182 | D:6      | Reached skill level 11 in Axes
  5184 | D:6      | Reached XP level 9. HP: 64/70 MP: 11/11
  5237 | D:6      | Noticed a wizard
  5242 | D:6      | Killed a wizard
  5309 | D:6      | Noticed a cyclops
  5370 | D:6      | Killed a cyclops
  5687 | D:7      | Noticed Prince Ribbit
  5790 | D:7      | Killed Prince Ribbit
  6070 | D:7      | Reached skill level 12 in Axes
  6095 | D:7      | Reached skill level 5 in Fighting
  6151 | D:7      | Found a staircase to the Ecumenical Temple.
  6246 | D:7      | Noticed Dowan
  6246 | D:7      | Noticed Duvessa
  6267 | D:7      | Killed Duvessa
  6288 | D:7      | Killed Dowan
  6606 | D:8      | Identified a scroll of acquirement
  6607 | D:8      | Acquired the +4 broad axe "Transmigrator" {vorpal, *Rage
                  | rN+ Will+}
  6651 | D:8      | Reached XP level 10. HP: 81/81 MP: 13/13
  7182 | D:8      | Found Xir Dir's Self-Improvement Boutique.
  7334 | D:9      | Noticed Psyche
  7341 | D:9      | Killed Psyche
  7378 | D:9      | Found a staircase to the Lair.
  7437 | D:9      | Found a transporter.
  7448 | D:9      | Found a transporter.
  7448 | D:9      | Noticed a two-headed ogre
  7577 | D:9      | Noticed Maurice
  7594 | D:9      | Killed Maurice
  7595 | D:9      | Reached skill level 13 in Axes
  7631 | D:9      | Noticed a two-headed ogre
  7794 | D:9      | Killed a two-headed ogre
  7965 | D:9      | Identified the +9 giant club of Inconvenience {vorpal,
                  | Contam rElec rN++ Str+3 Int+2}
  7965 | D:9      | Noticed a two-headed ogre
  7966 | D:9      | Noticed frimble's ghost (novice DsNe)
  7966 | D:9      | Noticed a two-headed ogre
  7966 | D:9      | Noticed a two-headed ogre
  7967 | D:9      | Noticed a two-headed ogre
  8111 | D:5      | Found a transporter.
  8668 | D:10     | Entered Level 10 of the Dungeon
  8854 | D:10     | Killed from afar by an efreet

Illustrated notes

Levels and vault maps discovered:
D:1:      lightli_arrival_boilingwater, layout_loops_ring,
          shapermc_ecumenical_altar_mp_highgroup
D:2:      layout_loops_corners, serial_shops, shop,
          chequers_serial_rivers_large_b, uniq_terence
D:3:      layout_basic
D:4:      layout_loops_ring, grunt_temple_overflow_open,
          yredelemnul_altar_generic, gup_sewer_entry_glass,
          nicolae_shop_unique_rings, dilly_guarded_unrand_throatcut,
          uniq_menkaure, uniq_crazy_yiuf_cottage
D:5:      gammafunk_wand_slinger, layout_loops_cross, ebering_ghost_sewer_f,
          hangedman_decor_lopped, minmay_misc_feat_more_columns,
          minmay_fractal_squares_diagonal_5
D:6:      layout_loops_ring, trog_wizard, minmay_small_thing
D:7:      layout_basic, minmay_temple_entry_mist, minmay_splitting_lines,
          nrook_mini_backslash, uniq_duvessa, uniq_prince_ribbit1
D:8:      layout_rooms, hangedman_ru_absence, nicolae_shop_self_help
D:9:      layout_irregular_city, lair_entry_dummy, gammafunk_ghost_smash,
          minivault_21, grunt_ministairs_2, minmay_misc_feat_ornament,
          uniq_psyche, uniq_maurice
D:10:     layout_basic, nicolae_qazlal_eye_of_the_storm, serial_demonic,
          serial_demonic_e, serial_demonic_a, serial_demonic_g,
          serial_demonic_g, minmay_fractal_squares_gapless_7

Skill      XL: |  1  2  3  4  5  6  7  8  9 10 |
---------------+-------------------------------+-----
Axes           | 2 3 4 6 7 9 11 12 13 | 13.7
Fighting       | 3 5 7 |  7.0
Evocations     | 1 4 |  4.7
Armour         | |  2.7
Shields        | |  2.7

Action                   |  1- 3 |  4- 6 |  7- 9 | 10-12 || total
-------------------------+-------+-------+-------+-------++-------
Melee: War axe           |    79 |   120 |   102 |   104 ||   405
       Long sword        |       |       |   200 |       ||   200
       Broad axe         |       |       |     1 |    72 ||    73
 Fire: Sling             |    27 |    58 |    42 |    35 ||   162
Throw: Dart              |       |       |    12 |     2 ||    14
       Throwing net      |       |       |       |     2 ||     2
Evoke: Wand              |       |     3 |     7 |    10 ||    20
       Phial of floods   |       |       |       |     1 ||     1
  Use: Potion            |       |     3 |       |       ||     3
       Scroll            |       |       |     7 |     3 ||    10
 Stab: Held in net/web   |       |       |       |     1 ||     1
Armor: Scale mail        |    41 |       |       |       ||    41
       Chain mail        |     7 |   107 |   167 |    25 ||   306
       Plate armour      |       |       |       |    75 ||    75
Dodge: Dodged            |    40 |    69 |   119 |    57 ||   285
Block: Buckler           |    13 |    46 |    58 |    15 ||   132
       Kite shield       |       |       |       |    55 ||    55

Table legend: (Time is in decaauts)
 A = Elapsed time spent in this place.
 B = Non-inter-level travel time spent in this place.
 C = Inter-level travel time spent in this place.
 D = Time resting spent in this place.
 E = Time spent auto-exploring this place.
 F = Levels seen in this place.
 G = Mean time per level.
                   A        B        C        D        E       F      G
               +--------+--------+--------+--------+--------+-----+--------+
         Total |   9229 |   8738 |    491 |    446 |   5560 |  11 |  839.0 |
       Dungeon |   8765 |   8274 |    491 |    414 |   5383 |  10 |  876.5 |
         Sewer |    464 |    464 |      0 |     32 |    176 |   1 |  464.0 |
               +--------+--------+--------+--------+--------+-----+--------+

Top non-repeatable levels by time:
     D:2: 1231 daAuts
     D:5: 1147 daAuts
     D:1: 1115 daAuts
     D:7: 1081 daAuts
     D:6: 992 daAuts
     D:9: 971 daAuts
     D:4: 936 daAuts
     D:8: 589 daAuts
     D:3: 555 daAuts
   Sewer: 464 daAuts
    D:10: 144 daAuts
